PINL
MINOT JETS @ BILLINGS MUSTANGS
08/10/1982
 
TOP OF THE 1ST
Minot Jets batting - Pitching for Billings Mustangs : LHP Salomé Plcido
Pitching: LHP Salomé Plcido
Batting: RHB Tony Beal 0-0: Ball
1-0: Foul Ball, location: 2F
1-1: DOUBLE (Groundball, 5L, EV 106.3 MPH)
Batting: RHB William Phillips 0-0: Ball
1-0: Ground out 6-3 (Groundball, 6MD, EV 107.5 MPH)
Tony Beal to third
Batting: LHB Douglas Reibel 0-0: Ball
1-0: Ball
2-0: Foul Ball, location: 2F
2-1: Foul Ball, location: 2F
2-2: Foul Ball, location: 2F
2-2: Hit by Pitch
Pinch Runner at 1st Brent Gjesdal:
Batting: RHB Troy Afenir 0-0: 3-RUN HOME RUN (Flyball, 9LD, EV 103.8 MPH), Distance : 360 ft
Batting: RHB David Griego 0-0: Ball
1-0: Ground out 6-3 (Groundball, 6, EV 99.4 MPH)
Batting: SHB Howard Elwess 0-0: Swinging Strike
0-1: Ball
1-1: Fly out, F4 (Flyball, 4D, EV 81.3 MPH)
Top of the 1st over - 3 runs, 2 hits, 0 errors, 0 left on base; Minot 3 - Billings 0
BOTTOM OF THE 1ST
Billings Mustangs batting - Pitching for Minot Jets : RHP Mike Villa
Pitching: RHP Mike Villa
Batting: SHB Terrence Derby 0-0: Called Strike
0-1: Ball
1-1: Called Strike
1-2: Ball
2-2: Foul Ball, location: 2F
2-2: Ground out 4-3 (Groundball, 4, EV 78.8 MPH)
Batting: RHB Joseph Kramer 0-0: Called Strike
0-1: Ball
1-1: Ball
2-1: Ball
3-1: Base on Balls
Batting: LHB Dave Verkuilen 0-0: Ball
Joseph Kramer steals 2nd base
1-0: Foul Ball, location: 2F
1-1: Ball
2-1: Swinging Strike
2-2: Ball
3-2: Ground out 4-3 (Groundball, 4, EV 103.1 MPH)
Joseph Kramer to third
Batting: RHB James Hudson 0-0: Foul Ball, location: 2F
0-1: Fly out, F9 (Flyball, 89S, EV 89.4 MPH)
Bottom of the 1st over - 0 runs, 0 hits, 0 errors, 1 left on base; Minot 3 - Billings 0
TOP OF THE 2ND
Minot Jets batting - Pitching for Billings Mustangs : LHP Salomé Plcido
Batting: RHB Joe Karmeris 0-0: Ball
1-0: Fly out, F7 (Flyball, 7S, EV 76.9 MPH)
Batting: RHB Jesus Aybar 0-0: Foul Ball, location: 2F
0-1: Ball
1-1: Ball
2-1: Foul Ball, location: 2F
2-2: Ground out U3 (Groundball, 34, EV 97.5 MPH)
Batting: RHB Hugo Olivas 0-0: Foul Ball, location: 2F
0-1: Called Strike
0-2: Strikes out looking
Top of the 2nd over - 0 runs, 0 hits, 0 errors, 0 left on base; Minot 3 - Billings 0
BOTTOM OF THE 2ND
Billings Mustangs batting - Pitching for Minot Jets : RHP Mike Villa
Batting: RHB Timothy Smith 0-0: Ground out 5-3 (Groundball, 56, EV 101.9 MPH)
Batting: RHB Randy Day 0-0: Ball
1-0: Ball
2-0: Foul Ball, location: 2F
2-1: Ball
3-1: Ground out 6-3 (Groundball, 6, EV 101.3 MPH)
Batting: RHB Thomas Bocock 0-0: Foul Ball, location: 2F
0-1: Ball
1-1: Reached on error, E4 (Groundball, 4, EV 91.3 MPH)
Batting: RHB Leonidas Nolasco 0-0: Ball
1-0: Called Strike
1-1: Ball
Thomas Bocock steals 2nd base
2-1: Fly out, F7 (Flyball, 7LM, EV 86.9 MPH)
Bottom of the 2nd over - 0 runs, 0 hits, 1 error, 1 left on base; Minot 3 - Billings 0
TOP OF THE 3RD
Minot Jets batting - Pitching for Billings Mustangs : LHP Salomé Plcido
Batting: RHB Tony Beal 0-0: Swinging Strike
0-1: Ball
1-1: Ball
2-1: Foul Ball, location: 2F
2-2: Foul Ball, location: 2F
2-2: Foul Ball, location: 2F
2-2: Fly out, F8 (Flyball, 8RS, EV 77.5 MPH)
Batting: RHB William Phillips 0-0: Ball
1-0: Fly out, F8 (Flyball, 78D, EV 81.9 MPH)
Batting: RHB Brent Gjesdal 0-0: Called Strike
0-1: Called Strike
0-2: Ball
1-2: Ball
2-2: Ball
3-2: Base on Balls
Batting: RHB Troy Afenir 0-0: Ball
1-0: Ball
2-0: Ball
3-0: Called Strike
3-1: Called Strike
3-2: Foul Ball, location: 2F
3-2: Ground out 6-3 (Groundball, 6, EV 103.1 MPH)
Top of the 3rd over - 0 runs, 0 hits, 0 errors, 1 left on base; Minot 3 - Billings 0
BOTTOM OF THE 3RD
Billings Mustangs batting - Pitching for Minot Jets : RHP Mike Villa
Batting: RHB Eric Halberg 0-0: Called Strike
0-1: Ball
1-1: Ball
2-1: Foul Ball, location: 2F
2-2: Strikes out swinging
Batting: SHB Terrence Derby 0-0: Called Strike
0-1: Ball
1-1: Ball
2-1: Foul Ball, location: 2F
2-2: Ground out 4-3 (Groundball, 4, EV 92.5 MPH)
Batting: RHB Joseph Kramer 0-0: Ball
1-0: Fly out, F8 (Flyball, 78M, EV 88.1 MPH)
Bottom of the 3rd over - 0 runs, 0 hits, 0 errors, 0 left on base; Minot 3 - Billings 0
TOP OF THE 4TH
Minot Jets batting - Pitching for Billings Mustangs : LHP Salomé Plcido
Batting: RHB David Griego 0-0: SINGLE (Groundball, 6MD, EV 99.4 MPH)
Batting: SHB Howard Elwess 0-0: Ball
1-0: Foul Ball, location: 2F
1-1: Hit by Pitch
David Griego to second
Batting: RHB Joe Karmeris 0-0: Called Strike
0-1: Grounds into double play, 5-4-3 (Groundball, 5, EV 83.8 MPH)
David Griego to third
Batting: RHB Jesus Aybar 0-0: Ball
1-0: Swinging Strike
1-1: Foul Ball, location: 2F
1-2: Ball
2-2: SINGLE (Line Drive, 8LS, EV 89.4 MPH)
David Griego scores
Batting: RHB Hugo Olivas 0-0: Ball
Jesus Aybar steals 2nd base
1-0: Foul Ball, location: 2F
1-1: Ground out 4-3 (Groundball, 4, EV 86.9 MPH)
Top of the 4th over - 1 run, 2 hits, 0 errors, 1 left on base; Minot 4 - Billings 0
BOTTOM OF THE 4TH
Billings Mustangs batting - Pitching for Minot Jets : RHP Mike Villa
Batting: LHB Dave Verkuilen 0-0: Ball
1-0: Ball
2-0: Ball
3-0: Base on Balls
Batting: RHB James Hudson 0-0: Called Strike
0-1: Fly out, F8 (Flyball, 8RM, EV 88.1 MPH)
Batting: RHB Timothy Smith 0-0: Grounds into double play, 5-4-3 (Groundball, 56, EV 90.6 MPH)
Bottom of the 4th over - 0 runs, 0 hits, 0 errors, 0 left on base; Minot 4 - Billings 0
TOP OF THE 5TH
Minot Jets batting - Pitching for Billings Mustangs : LHP Salomé Plcido
Batting: RHB Tony Beal 0-0: Ball
1-0: Foul Ball, location: 2F
1-1: Swinging Strike
1-2: Ball
2-2: Foul Ball, location: 2F
2-2: Strikes out looking
Batting: RHB William Phillips 0-0: Swinging Strike
0-1: Called Strike
0-2: Ball
1-2: Ground out 3-1 (Groundball, 34S, EV 83.1 MPH)
Batting: RHB Brent Gjesdal 0-0: Foul Ball, location: 2F
0-1: Ball
1-1: Swinging Strike
1-2: DOUBLE (Line Drive, 89XD, EV 98.8 MPH)
Batting: RHB Troy Afenir 0-0: Ball
1-0: Called Strike
1-1: Foul Ball, location: 2F
1-2: Ball
2-2: Fly out, F9 (Flyball, 9, EV 75.0 MPH)
Top of the 5th over - 0 runs, 1 hit, 0 errors, 1 left on base; Minot 4 - Billings 0
BOTTOM OF THE 5TH
Billings Mustangs batting - Pitching for Minot Jets : RHP Mike Villa
Batting: RHB Randy Day 0-0: SINGLE (Groundball, 56D, EV 106.9 MPH)
Batting: RHB Thomas Bocock 0-0: Swinging Strike
0-1: Called Strike
Randy Day steals 2nd base
0-2: Ball
1-2: Ball
2-2: Ground out 5-3 (Groundball, 56, EV 102.5 MPH)
Batting: RHB Leonidas Nolasco 0-0: Called Strike
0-1: Ball
1-1: Swinging Strike
1-2: Ball
Wild Pitch!
Randy Day to third
2-2: Ball
3-2: Base on Balls
Batting: RHB Eric Halberg 0-0: Called Strike
0-1: Fly out, F8 (Line Drive, 8RM, EV 93.8 MPH)
Runner from 3rd tags up, SCORES, throw by CF
Batting: SHB Terrence Derby 0-0: Foul Ball, location: 2F
0-1: Swinging Strike
0-2: Strikes out swinging
Bottom of the 5th over - 1 run, 1 hit, 0 errors, 1 left on base; Minot 4 - Billings 1
TOP OF THE 6TH
Minot Jets batting - Pitching for Billings Mustangs : LHP Salomé Plcido
Batting: RHB David Griego 0-0: Ball
1-0: Foul Ball, location: 2F
1-1: Foul Ball, location: 2F
1-2: SOLO HOME RUN (Flyball, 7D, EV 93.8 MPH), Distance : 361 ft
Batting: SHB Howard Elwess 0-0: Foul Ball, location: 2F
0-1: DOUBLE (Line Drive, 78D, EV 108.8 MPH)
Batting: RHB Joe Karmeris 0-0: Fly out, F8 (Flyball, 8LM, EV 75.6 MPH)
Batting: RHB Jesus Aybar 0-0: Called Strike
0-1: Ground out 4-3 (Groundball, 4, EV 91.3 MPH)
Howard Elwess to third
Batting: RHB Hugo Olivas 0-0: Fly out, F8 (Flyball, 8LD, EV 95.0 MPH)
Top of the 6th over - 1 run, 2 hits, 0 errors, 1 left on base; Minot 5 - Billings 1
BOTTOM OF THE 6TH
Billings Mustangs batting - Pitching for Minot Jets : RHP Mike Villa
Batting: RHB Joseph Kramer 0-0: Called Strike
0-1: Fly out, F3 (Popup, 3, EV 81.3 MPH)
Batting: LHB Dave Verkuilen 0-0: Called Strike
0-1: Ball
1-1: Swinging Strike
1-2: Ball
2-2: Ball
3-2: Base on Balls
Batting: RHB James Hudson 0-0: Called Strike
0-1: Ball
1-1: Called Strike
1-2: Strikes out swinging
Batting: RHB Timothy Smith 0-0: Fielders Choice at 2nd, 6-4 (Groundball, 6, EV 101.9 MPH)
Bottom of the 6th over - 0 runs, 0 hits, 0 errors, 1 left on base; Minot 5 - Billings 1
TOP OF THE 7TH
Minot Jets batting - Pitching for Billings Mustangs : LHP Salomé Plcido
Batting: RHB Tony Beal 0-0: Ball
1-0: Ball
2-0: Ball
3-0: Base on Balls
Batting: RHB William Phillips 0-0: Foul Ball, location: 2F
0-1: Swinging Strike
0-2: Ball
1-2: Fly out, F8 (Flyball, 8RM, EV 91.3 MPH)
Batting: RHB Brent Gjesdal 0-0: Ball
1-0: Foul Ball, location: 2F
1-1: Ball
2-1: Foul Ball, location: 2F
2-2: Ball
3-2: SINGLE (Groundball, 6MD, EV 96.3 MPH)
Tony Beal to second
Runner from 2nd tries for 3rd, SAFE, throw by CF made to third
Batting: RHB Troy Afenir 0-0: Ball
1-0: Ball
2-0: Called Strike
2-1: Called Strike
2-2: Foul Ball, location: 2F
2-2: Fly out, F8 (Flyball, 8RD, EV 88.1 MPH)
Runner from 3rd tags up, SCORES, no throw by CF
Pitching: RHP Jim Hickey
Batting: RHB David Griego 0-0: Called Strike
Brent Gjesdal steals 2nd base
0-1: Ball
1-1: Ball
2-1: Ball
3-1: Called Strike
3-2: Fly out, F7 (Flyball, 78D, EV 81.9 MPH)
Top of the 7th over - 1 run, 1 hit, 0 errors, 1 left on base; Minot 6 - Billings 1
BOTTOM OF THE 7TH
Billings Mustangs batting - Pitching for Minot Jets : RHP Mike Villa
Batting: RHB Randy Day 0-0: Ball
1-0: Ball
2-0: Swinging Strike
2-1: Ball
3-1: Base on Balls
Batting: RHB Thomas Bocock 0-0: Ball
1-0: Foul Ball, location: 2F
1-1: Foul Ball, location: 2F
1-2: Fly out, F4 (Popup, 4S, EV 62.5 MPH)
Batting: RHB Leonidas Nolasco 0-0: Foul Ball, location: 2F
0-1: Called Strike
0-2: Ball
1-2: Ball
2-2: Fielders Choice at 2nd, 4-6 (Groundball, 34, EV 88.8 MPH)
Batting: RHB Eric Halberg 0-0: Ball
1-0: Ball
2-0: SINGLE (Groundball, 6D, EV 105.0 MPH)
Leonidas Nolasco to second
Runner from 2nd tries for 3rd, SAFE, no throw by CF
Batting: SHB Terrence Derby 0-0: Foul Ball, location: 2F
0-1: Ball
1-1: Foul Ball, location: 2F
1-2: Strikes out swinging
Bottom of the 7th over - 0 runs, 1 hit, 0 errors, 2 left on base; Minot 6 - Billings 1
TOP OF THE 8TH
Minot Jets batting - Pitching for Billings Mustangs : RHP Jim Hickey
Batting: SHB Howard Elwess 0-0: SINGLE (Groundball, 4MD, EV 104.4 MPH)
Batting: RHB Joe Karmeris 0-0: Ball
1-0: Swinging Strike
1-1: Ball
2-1: Called Strike
2-2: Strikes out swinging
Batting: RHB Jesus Aybar 0-0: Swinging Strike
0-1: Ball
1-1: Ball
2-1: Ball
3-1: Called Strike
3-2: Strikes out looking
Batting: RHB Hugo Olivas Pickoff Throw to First - Out! 1-3
Top of the 8th over - 0 runs, 1 hit, 0 errors, 0 left on base; Minot 6 - Billings 1
BOTTOM OF THE 8TH
Billings Mustangs batting - Pitching for Minot Jets : RHP Mike Villa
Batting: RHB Joseph Kramer 0-0: Ball
1-0: Ball
2-0: Ground out U3 (Groundball, 3S, EV 70.6 MPH)
Batting: LHB Dave Verkuilen 0-0: Ball
1-0: Fly out, F7 (Flyball, 78D, EV 100.6 MPH)
Batting: RHB James Hudson 0-0: Ball
1-0: Called Strike
1-1: Swinging Strike
1-2: Ground out 5-3 (Groundball, 56, EV 93.1 MPH)
Bottom of the 8th over - 0 runs, 0 hits, 0 errors, 0 left on base; Minot 6 - Billings 1
TOP OF THE 9TH
Minot Jets batting - Pitching for Billings Mustangs : RHP Jim Hickey
Batting: RHB Hugo Olivas 0-0: Ball
1-0: Foul Ball, location: 2F
1-1: Called Strike
1-2: Strikes out swinging
Batting: RHB Tony Beal 0-0: Swinging Strike
0-1: Ball
1-1: SOLO HOME RUN (Flyball, 78XD, EV 96.3 MPH), Distance : 436 ft
Batting: RHB William Phillips 0-0: Called Strike
0-1: Ball
1-1: Fly out, F7 (Flyball, 78M, EV 81.3 MPH)
Batting: RHB Brent Gjesdal 0-0: Called Strike
0-1: Ball
1-1: Ground out 4-3 (Groundball, 4, EV 88.1 MPH)
Top of the 9th over - 1 run, 1 hit, 0 errors, 0 left on base; Minot 7 - Billings 1
BOTTOM OF THE 9TH
Billings Mustangs batting - Pitching for Minot Jets : RHP Mike Villa
Batting: RHB Timothy Smith 0-0: Ball
1-0: Ball
2-0: Called Strike
2-1: Ball
3-1: Ground out 6-3 (Groundball, 6, EV 106.3 MPH)
Batting: RHB Randy Day 0-0: Called Strike
0-1: Swinging Strike
0-2: Ground out 3-1 (Groundball, 34S, EV 84.4 MPH)
Batting: RHB Thomas Bocock 0-0: Called Strike
0-1: Ball
1-1: Swinging Strike
1-2: Foul Ball, location: 2F
1-2: Strikes out swinging
Bottom of the 9th over - 0 runs, 0 hits, 0 errors, 0 left on base; Minot 7 - Billings 1
Friday, August 21st, 2020 - OOTP Baseball 21.5 Build 76